 Dungeon Crawl Stone Soup version 0.17-a0-1123-g6d3914c (webtiles) character file.

56 Kisielow the Poker (level 3, -4/33 HPs)
             Began as a Minotaur Fighter on May 24, 2015.
             Killed from afar by Sigmund (6 damage)
             ... with a magic dart
             ... on level 2 of the Dungeon.
             The game lasted 00:04:31 (1276 turns).

Kisielow the Poker (Minotaur Fighter)               Turns: 1276, Time: 00:04:31

Health: -4/33      AC:  7    Str: 21    XL:     3   Next: 71%
Magic:  2/2        EV:  7    Int:  5    God:
Gold:   86         SH:  0    Dex:  9    Spells: 0 memorised, 2 levels left

rFire  . . .     SeeInvis .     a - +0 trident
rCold  . . .     Clarity  .     b - +0 scale mail
rNeg   . . .     SustAt   .     c - +0 shield
rPois  .         Gourm    .     (helmet restricted)
rElec  .         Spirit   .     (no cloak)
rCorr  .         Warding  .     (no gloves)
rMut   .         Stasis   .     (no boots)
MR     .....                    (no amulet)
Stlth  ..........               (no ring)
                                i - +5 ring of slaying

@: confused, not resistant to hostile enchantments, extremely unstealthy
A: retaliatory headbutt, horns 2
a: no special abilities


You were on level 2 of the Dungeon.
You were not hungry.

You visited 1 branch of the dungeon, and saw 2 of its levels.

You collected 86 gold pieces.

Inventory:

Hand weapons
 a - a +0 trident (weapon)
Armour
 b - a +0 scale mail (worn)
 c - a +0 shield (worn)
Jewellery
 i - a +5 ring of slaying (left hand)
Scrolls
 f - 2 scrolls of identify {unknown}
 h - a scroll of teleportation {unknown}
 l - a scroll of immolation {unknown}
 m - a scroll of enchant weapon {unknown}
 o - a scroll of fear {unknown}
Potions
 d - a potion of might
 g - a potion of mutation {unknown}
 n - 2 potions of brilliance {unknown}
Comestibles
 e - a bread ration
 j - a beef jerky
 k - a slice of pizza
 p - 5 chunks of flesh
 q - 4 fruits


   Skills:
 + Level 3.8 Fighting
 * Level 4.6 Polearms
 + Level 3.7 Armour
 + Level 3.8 Shields


You had 2 spell levels left.
You didn't know any spells.

Dungeon Overview and Level Annotations

Branches:
Dungeon (2/15)

Altars:

Annotations:
D:2 Sigmund


Innate Abilities, Weirdness & Mutations

You reflexively headbutt those who attack you in melee.
You have a pair of horns on your head.


Message History

Sigmund is severely wounded.
Sigmund drinks a potion.
Sigmund is healed!
Your shield prevents you from hitting Sigmund.
Sigmund asks, "Do you like me?" Sigmund hits you with a scythe.
Sigmund gestures wildly while chanting.
Sigmund flickers and vanishes!
Deactivating autopickup; reactivate with Ctrl-A.
You bump into the rock wall.
Something hits you but does no damage.
You bump into the rock wall.
You bump into the rock wall.
Something hits you!
* * * LOW HITPOINT WARNING * * *
You're too confused to move!
Something hits you but does no damage.
You bump into the rock wall.
You hear a zap.
You are more confused.
You hear some strange, mumbled words.
A magic dart appears from out of thin air!
The magic dart hits you!
You die...

#...# ##.#.# ....# #...
###.######### #......##...####.#
# #.#.##.##>..$....# #
#.#[##.##...###### #
#.#........@# #### #
#.####.####{# ##.###... #
####.####.# #.# #.#...... #
#.........# $.. ###.###...
###.#...#.### #...# #........#
............# #...# #...##.#.#
........#.#.# #...# #...##.#.#
.....#..#.#.# #...######.....)#.#
#...........###............#.(#.#


There were no monsters in sight!

Vanquished Creatures
  2 adders (D:2)
  A worm (D:2)
  6 bats (D:1)
  2 giant cockroaches (D:1)
  4 hobgoblins
  5 kobolds
  2 giant geckos (D:2)
  4 giant newts
  4 goblins
  5 rats
35 creatures vanquished.

Notes
Turn   | Place    | Note
--------------------------------------------------------------
     0 | D:1      | Kisielow the Minotaur Fighter began the quest for the Orb.
     0 | D:1      | Reached XP level 1. HP: 19/19 MP: 0/0
   120 | D:1      | Reached XP level 2. HP: 20/26 MP: 1/1
   539 | D:1      | Reached skill level 4 in Polearms
   933 | D:2      | Reached XP level 3. HP: 31/33 MP: 2/2
  1234 | D:2      | Noticed Sigmund
  1272 | D:2      | HP: 1/33 [something (10)]
  1276 | D:2      | Killed from afar by Sigmund

Vault maps used:
D:1:      dpeg_arrival_court, minivault_26
D:2:      fedhas_altar_2, uniq_sigmund

Action                   || total
-------------------------++-------
Melee: Trident           ||   108
  Use: Potion            ||     1
  Eat: Chunk             ||     1
